 Dungeon Crawl Stone Soup version 0.21.1-1-g345015f (webtiles) character file.

257 warborn304 the Sneak (level 6, -4/32 HPs)
             Began as a Vine Stalker Assassin on June 30, 2018.
             Slain by Morgon's ghost (6 damage)
             ... on level 3 of the Dungeon.
             The game lasted 00:08:25 (2033 turns).

warborn304 the Sneak (Vine Stalker Assassin)        Turns: 2033, Time: 00:08:26

Health: -4/32      AC:  3    Str: 13    XL:     6   Next: 16%
Magic:  0/7        EV: 12    Int: 11    God:
Gold:   95         SH:  0    Dex: 18    Spells: 4/5 levels left

rFire    . . .     SeeInvis .   r - +1 scythe (flame)
rCold    . . .     Gourm    .   (shield currently unavailable)
rNeg     . . .     Faith    .   c - +0 robe
rPois    .         Spirit   +   (no helmet)
rElec    .         Reflect  .   h - +0 cloak
rCorr    .         Harm     .   (no gloves)
MR       .....                  (no boots)
Stlth    ++++......             (no amulet)
HPRegen  0.50/turn              (no ring)
MPRegen  0.10/turn              (no ring)

@: no status effects
A: fangs 2, regeneration 1, magic shield, antimagic bite, no potion heal 3, rot
immunity
a: no special abilities


You were on level 3 of the Dungeon.
You were hungry.

You visited 1 branch of the dungeon, and saw 3 of its levels.

You collected 95 gold pieces.

Inventory:

Hand Weapons
 a - a +2 dagger
 b - a +0 blowgun
 r - a +1 scythe of flaming (weapon)
Missiles
 e - 15 poisoned needles
 f - 2 curare-tipped needles
Armour
 c - a +0 robe (worn)
 d - a +0 cloak
 h - a +0 cloak (worn)
 n - a +0 buckler
 s - a +0 robe
Wands
 q - a wand of flame (18)
Scrolls
 i - a scroll of remove curse {unknown}
 k - a scroll of teleportation {unknown}
 m - 3 scrolls of identify
Potions
 j - a potion of curing
 l - a potion of degeneration {unknown}
 o - a potion of berserk rage {unknown}
Books
 p - a book of Misfortune

   Spells                             Type                      Level
   a - Confusing Touch                Hexes                        1
   b - Confuse                        Hexes                        3
   c - Gell's Gravitas                Translocation                3
   d - Petrify                        Transmutation/Earth          4
   e - Metabolic Englaciation         Hexes/Ice                    5
   f - Yara's Violent Unravelling     Hexes/Transmutation          5
Comestibles
 g - 6 rations


   Skills:
 + Level 2.5 Fighting
 + Level 2.7 Short Blades
 + Level 2.4 Throwing
 + Level 1.7 Dodging
 + Level 7.1 Stealth
 + Level 0.2 Shields
 + Level 0.4 Spellcasting
 + Level 0.2 Hexes


You had 4 spell levels left.
You knew the following spells:

 Your Spells              Type           Power        Failure   Level  Hunger
a - Confusing Touch       Hex            #.....       30%         1    ##.....


Dungeon Overview and Level Annotations

Branches:
Dungeon (3/15)

Altars:

Annotations:
D:3 Morgon's ghost, amateur DsMo


Innate Abilities, Weirdness & Mutations

You have extremely sharp teeth.
Your natural rate of healing is unusually fast.
When hurt, damage is shared between your health and your magic reserves.
Your bite disrupts and absorbs the magic of your enemies.
Potions cannot restore your health.
You are immune to rotting.


Message History

Your bite misses Morgon's ghost. Morgon's ghost hits you. x2
You miss Morgon's ghost.
You bite Morgon's ghost, but do no damage.
Morgon's ghost hits you.
Morgon's ghost hits you but does no damage.
You closely miss Morgon's ghost. Your bite misses Morgon's ghost.
Morgon's ghost barely misses you. Morgon's ghost hits you.
You closely miss Morgon's ghost.
You bite Morgon's ghost, but do no damage.
Morgon's ghost hits you. Morgon's ghost closely misses you.
You are feeling hungry.
You hit Morgon's ghost but do no damage.
Your bite misses Morgon's ghost. Morgon's ghost hits you!
* * * LOW HITPOINT WARNING * * *
Morgon's ghost barely misses you.
You closely miss Morgon's ghost. Your bite misses Morgon's ghost.
Morgon's ghost hits you.
* * * LOW HITPOINT WARNING * * *
Morgon's ghost hits you!
You die...

##...## ##.....###
##........######
#......†#...(...
#(##...#########
#######.###..#########
........# #..........†
#.#######..###.#########.
#......(@W....#. ##
#..######(.###.# ....#
.#.#... ......!... ..
#.#...... ..# ....#....
##$ #.# ###.


You could see Morgon's ghost.

Vanquished Creatures
  Sigmund (D:3)
  Terence (D:2)
  An adder (D:2)
  An ooze (D:3)
  A worm (D:2)
  A dart slug (D:1)
  3 leopard geckos
  An orc (D:2)
  5 bats
  2 giant cockroaches
  6 goblins
  5 hobgoblins
  5 jackals
  6 kobolds
  A quokka (D:3)
  A ball python (D:2)
  3 frilled lizards
  6 rats
50 creatures vanquished.

Notes
Turn   | Place    | Note
-------+----------+-------------------------------------------
     0 | D:1      | warborn304 the Vine Stalker Assassin began the quest for the Orb.
     0 | D:1      | Reached XP level 1. HP: 11/11 MP: 2/2
   161 | D:1      | Reached skill level 5 in Stealth
   314 | D:1      | Reached XP level 2. HP: 15/15 MP: 3/3
   648 | D:1      | Reached XP level 3. HP: 18/18 MP: 4/4
  1027 | D:2      | Reached skill level 1 in Dodging
  1112 | D:2      | Noticed Terence
  1124 | D:2      | Killed Terence
  1124 | D:2      | Gained mutation: Your natural rate of healing is unusually fast. [Vine Stalker growth]
  1124 | D:2      | Reached XP level 4. HP: 18/23 MP: 5/5
  1127 | D:2      | Reached skill level 6 in Stealth
  1658 | D:3      | Learned a level 1 spell: Confusing Touch
  1690 | D:3      | Noticed Sigmund
  1691 | D:3      | Killed Sigmund
  1691 | D:3      | Reached skill level 7 in Stealth
  1691 | D:3      | Reached XP level 5. HP: 27/27 MP: 6/6
  1691 | D:3      | Reached XP level 6. HP: 32/32 MP: 7/7
  1727 | D:3      | Noticed Morgon's ghost (amateur DsMo)
  1896 | D:3      | HP: 1/32 [Morgon's ghost (3)]
  2033 | D:3      | Slain by Morgon's ghost

Skill      XL: |  1  2  3  4 |
---------------+-------------+-----
Stealth        | 5 7 |  7.1
Fighting       | 2 |  2.5
Dodging        | 1 |  1.7
Short Blades   | 2 |  2.7
Throwing       | 2 |  2.4
Shields        | |  0.2
Spellcasting   | |  0.4
Hexes          | |  0.2

Action                   |  1- 3 |  4- 6 || total
-------------------------+-------+-------++-------
Melee: Dagger            |    74 |    45 ||   119
       Bite              |    21 |    24 ||    45
       Scythe            |       |    38 ||    38
 Fire: Blowgun           |     8 |       ||     8
 Cast: Confusing Touch   |       |     1 ||     1
Evoke: Wand              |       |     1 ||     1
  Use: Scroll            |       |     1 ||     1
 Stab: Sleeping          |     6 |     7 ||    13
  Eat: Ration            |       |     1 ||     1
Armor: Robe              |    24 |    27 ||    51
Dodge: Dodged            |    51 |    75 ||   126
Block: Buckler           |     2 |     2 ||     4
